3089 views
Uploaded 2020-02-23 20:08:24
Game version 1.32 / 1.32.1
20:53 long 4on4 ladder game on (8)Sanctuary_LV
Saved by Teelo
3089 views
Uploaded 2020-02-23 20:08:24
Game version 1.32 / 1.32.1
20:53 long 4on4 ladder game on (8)Sanctuary_LV

167 units @ 22.9k
/ 2.8k
84 buildings @ 11.7k
/ 4.8k



| Orb of Venom | 1 | 325 |
| Potion of Healing | 1 | 150 |
| Potion of Mana | 1 | 200 |
| Lesser Clarity Potion | 2 | 140 |
| Scroll of Town Portal | 4 | 1400 |
| Scroll of Healing | 3 | 750 |
| Scroll of Protection | 2 | 300 |
| Potion of Lesser Invulnerability | 1 | 150 |
| Periapt of Vitality | 1 | 325 |
| total: | 16 | 3740g |
| Wisp | 22 | 1320 | / | 0 |
| Archer | 7 | 910 | / | 70 |
| Chimaera | 7 | 2310 | / | 490 |
| Hippogryph | 3 | 480 | / | 60 |
| Goblin Shredder | 1 | 375 | / | 100 |
| Goblin Zeppelin | 1 | 240 | / | 60 |
| Goblin Sapper | 1 | 215 | / | 100 |
| total: | 42 | 5850g | / | 880w |
| Altar of Elders | 1 | 180 | / | 50 |
| Moon Well | 7 | 1260 | / | 280 |
| Ancient of War | 1 | 150 | / | 60 |
| Tree of Life | 2 | 680 | / | 370 |
| Ancient of Wonders | 1 | 90 | / | 30 |
| Hunter's Hall | 2 | 420 | / | 200 |
| Ancient of Wind | 2 | 300 | / | 280 |
| Ancient of Lore | 1 | 155 | / | 145 |
| Chimaera Roost | 3 | 420 | / | 570 |
| Tree of Ages | 1 | 320 | / | 180 |
| Tree of Eternity | 1 | 330 | / | 200 |
| total: | 20 | 3655g | / | 1985w |
| 0:03 | Wisp |
| 0:03 | Wisp |
| 0:13 | Altar of Elders |
| 0:15 | Moon Well |
| 0:17 | Wisp |
| 0:17 | Wisp |
| 1:02 | Ancient of War |
| 1:04 | Wisp |
| 1:17 | Moon Well |
| 1:18 | Wisp |
| 1:19 | Wisp |
| 1:35 | Wisp |
| 1:35 | Wisp |
| 1:35 | Wisp |
| 1:53 | Moon Well |
| 2:04 | Archer |
| 2:13 | Force of Nature |
| 2:21 | Archer |
| 2:35 | Archer |
| 2:53 | Archer |
| 3:21 | Tree of Life |
| 3:43 | Entangling Roots |
| 3:57 | Wisp |
| 3:57 | Wisp |
| 4:02 | Archer |
| 4:02 | Archer |
| 4:28 | Archer |
| 4:52 | Tree of Life |
| 5:04 | Tree of Ages |
| 5:19 | Ancient of Wonders |
| 5:25 | Wisp |
| 5:25 | Wisp |
| 5:50 | Hunter's Hall |
| 5:53 | Force of Nature |
| 6:17 | Wisp |
| 6:17 | Wisp |
| 6:18 | Wisp |
| 6:22 | Moon Well |
| 6:31 | Moon Well |
| 7:07 | Wisp |
| 7:07 | Wisp |
| 7:07 | Wisp |
| 7:07 | Wisp |
| 7:07 | Wisp |
| 7:19 | Moon Well |
| 7:22 | Moon Well |
| 7:42 | Scroll of Town Portal |
| 7:43 | Tree of Eternity |
| 8:00 | Ancient of Wind |
| 8:16 | Frost Arrows |
| 8:34 | Scroll of Town Portal |
| 8:41 | Reinforced Hides |
| 8:42 | Strength of the Wild |
| 9:19 | Goblin Shredder |
| 9:20 | Goblin Zeppelin |
| 9:33 | Forked Lightning |
| 9:57 | Scroll of Healing |
| 9:57 | Scroll of Protection |
| 10:25 | Chimaera Roost |
| 10:26 | Chimaera Roost |
| 10:47 | Entangling Roots |
| 11:19 | Chimaera Roost |
| 11:55 | Chimaera |
| 11:58 | Frost Arrows |
| 12:09 | Well Spring |
| 12:28 | Orb of Venom |
| 12:29 | Potion of Healing |
| 12:41 | Chimaera |
| 12:43 | Potion of Mana |
| 12:44 | Lesser Clarity Potion |
| 12:45 | Lesser Clarity Potion |
| 12:47 | Scroll of Town Portal |
| 13:00 | Chimaera |
| 13:03 | Chimaera |
| 13:04 | Improved Reinforced Hides |
| 13:05 | Improved Strength of the Wild |
| 13:07 | Hunter's Hall |
| 14:03 | Chimaera |
| 14:12 | Hippogryph |
| 14:13 | Ancient of Wind |
| 14:16 | Ultravision |
| 14:22 | Corrosive Breath |
| 14:27 | Trueshot Aura |
| 14:56 | Hippogryph |
| 14:56 | Hippogryph |
| 15:29 | Chimaera |
| 16:29 | Entangling Roots |
| 16:37 | Forked Lightning |
| 16:38 | Searing Arrows |
| 17:01 | Trueshot Aura |
| 17:29 | Goblin Sapper |
| 18:51 | Chimaera |
| 18:52 | Advanced Strength of the Wild |
| 18:53 | Advanced Reinforced Hides |
| 18:58 | Ancient of Lore |
| 19:30 | Scroll of Healing |
| 19:30 | Scroll of Protection |
| 19:34 | Scroll of Healing |
| 19:38 | Potion of Lesser Invulnerability |
| 19:39 | Periapt of Vitality |
| 19:42 | Scroll of Town Portal |
| Right click | 1050 |
| Select group | 584 |
| Select | 460 |
| Build/train/purchase | 109 |
| Assign group | 36 |
| Use ability | 31 |
| Minimap ping | 8 |
| Misc. action | 2 |
| Item give/drop | 2 |
| Remove unit | 2 |



| Orb of Lightning | 1 | 375 |
| Healing Salve | 2 | 200 |
| Scroll of Speed | 1 | 50 |
| Scroll of Healing | 1 | 250 |
| Scroll of Town Portal | 1 | 350 |
| total: | 6 | 1225g |
| Peon | 14 | 1050 | / | 0 |
| Troll Headhunter | 8 | 1120 | / | 160 |
| Troll Berserker | 15 | 2100 | / | 300 |
| Shaman | 3 | 390 | / | 60 |
| total: | 40 | 4660g | / | 520w |
| Orc Burrow | 8 | 1280 | / | 320 |
| Altar of Storms | 1 | 180 | / | 50 |
| War Mill | 1 | 205 | / | 0 |
| Barracks | 3 | 540 | / | 150 |
| Voodoo Lounge | 1 | 130 | / | 30 |
| Great Hall | 1 | 385 | / | 185 |
| Spirit Lodge | 1 | 150 | / | 150 |
| Stronghold | 1 | 315 | / | 190 |
| Fortress | 1 | 325 | / | 190 |
| total: | 16 | 2870g | / | 885w |
| 0:03 | Peon |
| 0:03 | Peon |
| 0:03 | Peon |
| 0:20 | Orc Burrow |
| 0:33 | Peon |
| 0:37 | Altar of Storms |
| 0:52 | War Mill |
| 0:57 | Peon |
| 0:57 | Peon |
| 1:15 | Barracks |
| 1:23 | Barracks |
| 1:58 | Orc Burrow |
| 1:59 | Peon |
| 1:59 | Peon |
| 2:11 | Peon |
| 2:25 | Troll Headhunter |
| 2:33 | Voodoo Lounge |
| 2:36 | Troll Headhunter |
| 2:39 | Far Sight |
| 2:47 | Troll Headhunter |
| 3:15 | Troll Headhunter |
| 3:57 | Orc Burrow |
| 3:58 | Stronghold |
| 4:18 | Feral Spirit |
| 4:29 | Great Hall |
| 5:09 | Troll Headhunter |
| 5:09 | Troll Headhunter |
| 5:58 | Orc Burrow |
| 6:00 | Steel Ranged Weapons |
| 6:00 | Steel Armor |
| 6:03 | Feral Spirit |
| 7:25 | Scroll of Healing |
| 7:32 | Fortress |
| 7:33 | Peon |
| 7:34 | Peon |
| 7:34 | Peon |
| 7:34 | Peon |
| 7:38 | Healing Wave |
| 8:19 | Troll Headhunter |
| 8:22 | Barracks |
| 8:28 | Spirit Lodge |
| 8:30 | Thorium Ranged Weapons |
| 8:38 | Chain Lighting |
| 9:24 | Hex |
| 10:18 | Troll Regeneration |
| 10:18 | Berserker Upgrade |
| 10:18 | Troll Headhunter |
| 10:22 | Arcanite Ranged Weapons |
| 10:31 | Silence |
| 10:59 | Troll Berserker |
| 10:59 | Troll Berserker |
| 11:49 | Troll Berserker |
| 11:53 | Orc Burrow |
| 11:54 | Shaman Adept Training |
| 11:55 | Shaman |
| 12:30 | Troll Berserker |
| 12:39 | Orc Burrow |
| 12:44 | Orc Burrow |
| 12:48 | Orb of Lightning |
| 12:49 | Scroll of Town Portal |
| 12:50 | Healing Salve |
| 13:01 | Scroll of Speed |
| 13:02 | Healing Salve |
| 13:22 | Thorium Armor |
| 13:24 | Troll Berserker |
| 13:29 | Peon |
| 13:41 | Shaman Master Training |
| 14:09 | Healing Wave |
| 14:47 | Black Arrow |
| 15:09 | Troll Berserker |
| 15:09 | Troll Berserker |
| 15:09 | Troll Berserker |
| 15:09 | Troll Berserker |
| 15:47 | Chain Lighting |
| 16:23 | Troll Berserker |
| 16:23 | Troll Berserker |
| 17:53 | Black Arrow |
| 18:33 | Troll Berserker |
| 19:30 | Troll Berserker |
| 19:31 | Shaman |
| 19:31 | Shaman |
| 19:33 | Orc Burrow |
| 19:35 | Arcanite Armor |
| 19:38 | Earth Quake |
| 20:35 | Troll Berserker |
| 20:35 | Troll Berserker |
| Right click | 682 |
| Select | 328 |
| Build/train/purchase | 97 |
| Chat | 43 |
| Use ability | 35 |
| Minimap ping | 8 |
| Item give/drop | 2 |
| Misc. action | 1 |

| Healing Salve | 2 | 200 |
| Orb of Lightning | 1 | 375 |
| Scroll of Town Portal | 1 | 350 |
| Boots of Speed | 1 | 250 |
| total: | 5 | 1175g |
| Peon | 11 | 825 | / | 0 |
| Grunt | 6 | 1200 | / | 0 |
| Troll Headhunter | 6 | 840 | / | 120 |
| Kodo Beast | 1 | 255 | / | 60 |
| Raider | 2 | 360 | / | 80 |
| Troll Witch Doctor | 2 | 290 | / | 50 |
| Troll Berserker | 4 | 560 | / | 80 |
| total: | 32 | 4330g | / | 390w |
| Barracks | 3 | 540 | / | 150 |
| Altar of Storms | 1 | 180 | / | 50 |
| Orc Burrow | 6 | 960 | / | 240 |
| Voodoo Lounge | 1 | 130 | / | 30 |
| War Mill | 1 | 205 | / | 0 |
| Beastiary | 1 | 145 | / | 140 |
| Spirit Lodge | 1 | 150 | / | 150 |
| Stronghold | 1 | 315 | / | 190 |
| Fortress | 1 | 325 | / | 190 |
| total: | 14 | 2310g | / | 760w |
| 0:08 | Barracks |
| 0:10 | Altar of Storms |
| 0:17 | Orc Burrow |
| 0:22 | Peon |
| 0:23 | Peon |
| 0:24 | Peon |
| 0:24 | Peon |
| 0:35 | Barracks |
| 0:42 | Peon |
| 0:42 | Peon |
| 0:56 | Peon |
| 1:36 | Grunt |
| 1:47 | Orc Burrow |
| 1:50 | Peon |
| 1:50 | Peon |
| 1:52 | Peon |
| 1:52 | Peon |
| 2:24 | Endurance Aura |
| 2:40 | Grunt |
| 2:41 | Grunt |
| 3:00 | Orc Burrow |
| 3:48 | Grunt |
| 4:20 | Voodoo Lounge |
| 4:29 | Stronghold |
| 4:41 | Orc Burrow |
| 4:56 | Grunt |
| 5:01 | War Stomp |
| 5:29 | Barracks |
| 5:53 | War Mill |
| 6:11 | Healing Salve |
| 7:27 | Boots of Speed |
| 7:49 | Berserker Strength |
| 7:51 | Steel Melee Weapons |
| 7:57 | Endurance Aura |
| 8:24 | Troll Headhunter |
| 8:24 | Troll Headhunter |
| 8:24 | Troll Headhunter |
| 8:24 | Troll Headhunter |
| 8:31 | Beastiary |
| 9:01 | Troll Headhunter |
| 9:01 | Troll Headhunter |
| 9:20 | Fortress |
| 9:47 | Healing Salve |
| 9:57 | Grunt |
| 10:09 | Steel Armor |
| 10:14 | Thorium Melee Weapons |
| 10:29 | Kodo Beast |
| 11:45 | Thorium Armor |
| 12:47 | Raider |
| 12:47 | Raider |
| 13:07 | Pillage |
| 13:35 | Orc Burrow |
| 13:55 | Ensnare |
| 14:06 | Orb of Lightning |
| 14:24 | Scroll of Town Portal |
| 14:31 | Arcanite Armor |
| 14:32 | Arcanite Melee Weapons |
| 14:45 | Orc Burrow |
| 15:29 | War Stomp |
| 16:17 | Endurance Aura |
| 16:30 | Spirit Lodge |
| 18:18 | Witch Doctor Adept Training |
| 18:26 | Berserker Upgrade |
| 18:28 | Troll Regeneration |
| 19:45 | Troll Witch Doctor |
| 19:45 | Troll Witch Doctor |
| 19:59 | Troll Berserker |
| 19:59 | Troll Berserker |
| 20:00 | Troll Berserker |
| 20:01 | Troll Berserker |
| 20:24 | Witch Doctor Master Training |
| 20:28 | Steel Ranged Weapons |
| Right click | 472 |
| Select | 203 |
| Chat | 77 |
| Build/train/purchase | 62 |
| Select group | 61 |
| Misc. action | 49 |
| Assign group | 8 |
| Use ability | 8 |
| Remove unit | 7 |
| Minimap ping | 3 |

| Peasant | 14 | 1050 | / | 0 |
| Footman | 11 | 1485 | / | 0 |
| Priest | 9 | 1215 | / | 90 |
| Knight | 10 | 2450 | / | 600 |
| Rifleman | 9 | 1845 | / | 270 |
| total: | 53 | 8045g | / | 960w |
| Scout Tower | 12 | 360 | / | 240 |
| Guard Tower | 8 | 560 | / | 400 |
| Altar of Kings | 1 | 180 | / | 50 |
| Farm | 14 | 1120 | / | 280 |
| Barracks | 2 | 320 | / | 120 |
| Arcane Vault | 1 | 130 | / | 30 |
| Lumber Mill | 1 | 120 | / | 0 |
| Blacksmith | 1 | 140 | / | 60 |
| Town Hall | 1 | 385 | / | 205 |
| Arcane Sanctum | 1 | 150 | / | 140 |
| Keep | 1 | 320 | / | 210 |
| Castle | 1 | 360 | / | 210 |
| total: | 34 | 2905g | / | 1125w |
| 0:08 | Altar of Kings |
| 0:11 | Farm |
| 0:12 | Peasant |
| 0:12 | Peasant |
| 0:12 | Peasant |
| 0:45 | Peasant |
| 0:46 | Peasant |
| 0:51 | Barracks |
| 1:30 | Farm |
| 1:32 | Peasant |
| 1:32 | Peasant |
| 1:53 | Arcane Vault |
| 2:10 | Farm |
| 2:18 | Summon Water Elemental |
| 2:30 | Footman |
| 2:30 | Footman |
| 2:32 | Footman |
| 2:53 | Farm |
| 3:02 | Peasant |
| 3:08 | Lumber Mill |
| 3:45 | Footman |
| 3:45 | Footman |
| 3:49 | Farm |
| 3:51 | Keep |
| 4:15 | Blacksmith |
| 4:32 | Brilliance Aura |
| 4:36 | Footman |
| 4:39 | Farm |
| 5:29 | Scout Tower |
| 5:31 | Scout Tower |
| 5:32 | Scout Tower |
| 5:36 | Footman |
| 5:43 | Iron Forged Swords |
| 5:43 | Iron Plating |
| 6:01 | Guard Tower |
| 6:03 | Footman |
| 6:32 | Peasant |
| 6:46 | Summon Water Elemental |
| 7:09 | Farm |
| 7:10 | Farm |
| 7:11 | Farm |
| 7:21 | Town Hall |
| 7:23 | Peasant |
| 7:23 | Peasant |
| 7:28 | Footman |
| 7:30 | Improved Lumber Harvesting |
| 7:31 | Steel Forged Swords |
| 7:42 | Peasant |
| 7:43 | Peasant |
| 7:59 | Scout Tower |
| 8:20 | Scout Tower |
| 8:24 | Footman |
| 8:26 | Peasant |
| 8:33 | Scout Tower |
| 8:39 | Scout Tower |
| 8:45 | Footman |
| 8:54 | Castle |
| 9:11 | Farm |
| 9:14 | Farm |
| 9:30 | Arcane Sanctum |
| 9:47 | Barracks |
| 9:51 | Farm |
| 10:30 | Guard Tower |
| 10:45 | Guard Tower |
| 10:48 | Priest |
| 10:48 | Priest |
| 11:25 | Knight |
| 11:28 | Advanced Lumber Harvesting |
| 11:30 | Steel Plating |
| 11:32 | Knight |
| 11:57 | Farm |
| 11:58 | Farm |
| 12:37 | Improved Masonry |
| 12:44 | Advanced Masonry |
| 12:48 | Mithril Forged Swords |
| 12:48 | Mithril Plating |
| 12:52 | Knight |
| 12:53 | Knight |
| 13:34 | Scout Tower |
| 13:35 | Scout Tower |
| 13:37 | Scout Tower |
| 13:39 | Priest Adept Training |
| 13:39 | Priest |
| 13:41 | Knight |
| 13:43 | Sundering Blades |
| 13:47 | Brilliance Aura |
| 14:00 | Guard Tower |
| 14:05 | Magic Sentry |
| 15:01 | Knight |
| 15:03 | Priest |
| 15:05 | Guard Tower |
| 15:06 | Guard Tower |
| 15:12 | Scout Tower |
| 15:32 | Summon Water Elemental |
| 15:50 | Scout Tower |
| 16:00 | Priest Master Training |
| 16:01 | Priest |
| 16:04 | Knight |
| 16:05 | Animal War Training |
| 16:21 | Guard Tower |
| 16:29 | Guard Tower |
| 17:28 | Imbued Masonry |
| 17:55 | Knight |
| 18:23 | Priest |
| 18:23 | Priest |
| 18:25 | Rifleman |
| 18:25 | Rifleman |
| 18:26 | Long Rifles |
| 18:27 | Rifleman |
| 18:30 | Black Gunpowder |
| 18:30 | Studded Leather Armor |
| 18:45 | Rifleman |
| 18:45 | Rifleman |
| 18:46 | Knight |
| 18:46 | Knight |
| 18:47 | Rifleman |
| 19:39 | Rifleman |
| 19:41 | Priest |
| 19:41 | Priest |
| 20:35 | Rifleman |
| 20:35 | Rifleman |
| 20:37 | Refined Gunpowder |
| 20:37 | Reinforced Leather Armor |
| Right click | 452 |
| Select | 265 |
| Build/train/purchase | 109 |
| Use ability | 1 |
| Item give/drop | 1 |
| Remove unit | 1 |
| Minimap ping | 1 |
138 units @ 19.7k
/ 2k
81 buildings @ 11k
/ 4.1k

| Scroll of Town Portal | 2 | 700 |
| Anti-magic Potion | 1 | 100 |
| total: | 3 | 800g |
| Acolyte | 7 | 525 | / | 0 |
| Ghoul | 3 | 360 | / | 0 |
| Crypt Fiend | 13 | 2795 | / | 520 |
| total: | 23 | 3680g | / | 520w |
| Nerubian Tower | 1 | 100 | / | 20 |
| Ziggurat | 9 | 1350 | / | 450 |
| Altar of Darkness | 1 | 180 | / | 50 |
| Crypt | 2 | 400 | / | 100 |
| Graveyard | 1 | 215 | / | 0 |
| Tomb of Relics | 1 | 130 | / | 30 |
| Necropolis | 3 | 675 | / | 0 |
| Halls of the Dead | 2 | 640 | / | 420 |
| Black Citadel | 1 | 325 | / | 230 |
| total: | 17 | 2950g | / | 630w |
| 0:03 | Acolyte |
| 0:03 | Acolyte |
| 0:03 | Acolyte |
| 0:53 | Ziggurat |
| 0:56 | Ziggurat |
| 1:04 | Altar of Darkness |
| 1:08 | Crypt |
| 1:31 | Crypt |
| 2:15 | Ghoul |
| 2:21 | Nerubian Tower |
| 2:31 | Graveyard |
| 2:34 | Ghoul |
| 2:39 | Ghoul |
| 2:48 | Tomb of Relics |
| 3:04 | Ziggurat |
| 3:29 | Death Coil |
| 3:53 | Crypt Fiend |
| 4:07 | Acolyte |
| 4:11 | Acolyte |
| 4:26 | Acolyte |
| 4:26 | Acolyte |
| 5:15 | Halls of the Dead |
| 5:39 | Ziggurat |
| 5:52 | Unholy Aura |
| 6:05 | Crypt Fiend |
| 6:35 | Crypt Fiend |
| 6:55 | Crypt Fiend |
| 7:01 | Creature Attack |
| 7:42 | Black Citadel |
| 7:50 | Ziggurat |
| 7:51 | Ziggurat |
| 7:52 | Ziggurat |
| 7:52 | Ziggurat |
| 7:53 | Ziggurat |
| 8:42 | Unholy Aura |
| 10:36 | Crypt Fiend |
| 10:37 | Crypt Fiend |
| 10:53 | Crypt Fiend |
| 10:54 | Crypt Fiend |
| 11:24 | Crypt Fiend |
| 11:24 | Crypt Fiend |
| 13:11 | Necropolis |
| 14:28 | Scroll of Town Portal |
| 14:53 | Death Coil |
| 16:02 | Halls of the Dead |
| 16:03 | Crypt Fiend |
| 16:04 | Crypt Fiend |
| 16:04 | Crypt Fiend |
| 16:07 | Creature Carapace |
| 16:17 | Scroll of Town Portal |
| 16:20 | Anti-magic Potion |
| 18:22 | Unholy Aura |
| 18:33 | Necropolis |
| 18:37 | Necropolis |
| Right click | 462 |
| Chat | 361 |
| Select group | 179 |
| Select | 172 |
| Assign group | 61 |
| Build/train/purchase | 41 |
| Misc. action | 20 |
| Use ability | 14 |
| Item give/drop | 1 |


| Potion of Healing | 2 | 300 |
| Scroll of Town Portal | 2 | 700 |
| total: | 4 | 1000g |
| Peasant | 15 | 1125 | / | 0 |
| Footman | 6 | 810 | / | 0 |
| Rifleman | 11 | 2255 | / | 330 |
| total: | 32 | 4190g | / | 330w |
| Farm | 8 | 640 | / | 160 |
| Altar of Kings | 1 | 180 | / | 50 |
| Barracks | 2 | 320 | / | 120 |
| Blacksmith | 1 | 140 | / | 60 |
| Lumber Mill | 1 | 120 | / | 0 |
| Town Hall | 2 | 770 | / | 410 |
| Arcane Vault | 1 | 130 | / | 30 |
| Keep | 1 | 320 | / | 210 |
| Castle | 1 | 360 | / | 210 |
| total: | 16 | 2300g | / | 830w |
| 0:05 | Farm |
| 0:08 | Peasant |
| 0:08 | Peasant |
| 0:12 | Altar of Kings |
| 0:37 | Barracks |
| 0:38 | Peasant |
| 0:50 | Peasant |
| 1:02 | Farm |
| 1:04 | Peasant |
| 1:24 | Peasant |
| 1:43 | Peasant |
| 1:52 | Barracks |
| 1:54 | Footman |
| 1:58 | Farm |
| 2:15 | Blacksmith |
| 2:20 | Footman |
| 2:27 | Thunder Clap |
| 2:40 | Farm |
| 2:42 | Footman |
| 2:58 | Footman |
| 3:12 | Footman |
| 3:22 | Footman |
| 3:33 | Lumber Mill |
| 3:53 | Rifleman |
| 4:12 | Rifleman |
| 4:19 | Storm Bolt |
| 4:26 | Farm |
| 5:03 | Rifleman |
| 5:08 | Farm |
| 5:45 | Rifleman |
| 6:27 | Town Hall |
| 6:40 | Rifleman |
| 6:48 | Farm |
| 6:52 | Peasant |
| 6:52 | Peasant |
| 7:30 | Thunder Clap |
| 7:42 | Rifleman |
| 7:45 | Farm |
| 8:04 | Rifleman |
| 8:12 | Keep |
| 8:36 | Rifleman |
| 8:43 | Peasant |
| 8:57 | Studded Leather Armor |
| 9:42 | Town Hall |
| 9:46 | Rifleman |
| 9:52 | Storm Bolt |
| 10:15 | Arcane Vault |
| 10:26 | Rifleman |
| 11:13 | Long Rifles |
| 11:56 | Reinforced Leather Armor |
| 12:05 | Scroll of Town Portal |
| 12:19 | Scroll of Town Portal |
| 12:19 | Potion of Healing |
| 12:19 | Potion of Healing |
| 13:25 | Peasant |
| 13:25 | Peasant |
| 13:32 | Castle |
| 13:42 | Peasant |
| 13:42 | Peasant |
| 13:43 | Peasant |
| 14:04 | Blizzard |
| 14:51 | Thunder Clap |
| 15:49 | Rifleman |
| 16:03 | Brilliance Aura |
| Right click | 321 |
| Select group | 235 |
| Select | 234 |
| Misc. action | 68 |
| Build/train/purchase | 58 |
| Assign group | 26 |
| Use ability | 11 |
| Remove unit | 5 |
| Item give/drop | 2 |

| Wisp | 16 | 960 | / | 0 |
| Archer | 9 | 1170 | / | 90 |
| Huntress | 3 | 585 | / | 60 |
| Hippogryph | 10 | 1600 | / | 200 |
| Chimaera | 12 | 3960 | / | 840 |
| total: | 50 | 8275g | / | 1190w |
| Moon Well | 6 | 1080 | / | 240 |
| Altar of Elders | 1 | 180 | / | 50 |
| Ancient of War | 1 | 150 | / | 60 |
| Hunter's Hall | 1 | 210 | / | 100 |
| Ancient of Wonders | 1 | 90 | / | 30 |
| Tree of Life | 2 | 680 | / | 370 |
| Ancient of Wind | 1 | 150 | / | 140 |
| Chimaera Roost | 3 | 420 | / | 570 |
| Tree of Ages | 1 | 320 | / | 180 |
| Tree of Eternity | 1 | 330 | / | 200 |
| total: | 16 | 2960g | / | 1560w |
| 0:06 | Wisp |
| 0:06 | Wisp |
| 0:06 | Wisp |
| 0:07 | Wisp |
| 0:19 | Wisp |
| 0:24 | Moon Well |
| 0:43 | Altar of Elders |
| 1:03 | Ancient of War |
| 1:07 | Wisp |
| 1:07 | Wisp |
| 1:41 | Moon Well |
| 2:08 | Wisp |
| 2:08 | Wisp |
| 2:17 | Hunter's Hall |
| 2:24 | Archer |
| 2:24 | Archer |
| 2:24 | Archer |
| 2:54 | Moon Well |
| 3:03 | Archer |
| 3:03 | Archer |
| 3:05 | Archer |
| 3:22 | Searing Arrows |
| 3:36 | Ancient of Wonders |
| 3:42 | Archer |
| 3:52 | Moon Well |
| 4:27 | Tree of Ages |
| 4:29 | Archer |
| 5:17 | Moon Well |
| 5:21 | Strength of the Wild |
| 5:21 | Reinforced Hides |
| 5:23 | Archer |
| 6:01 | Trueshot Aura |
| 6:35 | Tree of Life |
| 6:48 | Tree of Eternity |
| 7:07 | Ancient of Wind |
| 7:30 | Huntress |
| 7:30 | Huntress |
| 7:31 | Huntress |
| 8:15 | Hippogryph |
| 8:15 | Hippogryph |
| 8:20 | Hippogryph |
| 8:56 | Trueshot Aura |
| 9:10 | Chimaera Roost |
| 9:16 | Wisp |
| 9:17 | Wisp |
| 9:17 | Wisp |
| 9:47 | Wisp |
| 9:47 | Wisp |
| 9:47 | Wisp |
| 9:47 | Wisp |
| 9:53 | Chimaera Roost |
| 10:26 | Moon Well |
| 11:12 | Chimaera |
| 11:15 | Chimaera |
| 11:18 | Chimaera |
| 11:23 | Chimaera |
| 11:50 | Ultravision |
| 12:05 | Corrosive Breath |
| 12:20 | Chimaera |
| 12:36 | Chimaera |
| 13:34 | Improved Strength of the Wild |
| 14:50 | Searing Arrows |
| 15:05 | Chimaera |
| 15:10 | Chimaera Roost |
| 15:14 | Chimaera |
| 15:30 | Tree of Life |
| 16:31 | Advanced Strength of the Wild |
| 16:34 | Chimaera |
| 16:35 | Chimaera |
| 16:42 | Chimaera |
| 16:57 | Chimaera |
| 18:36 | Trueshot Aura |
| 18:49 | Hippogryph |
| 18:49 | Hippogryph |
| 18:49 | Hippogryph |
| 18:49 | Hippogryph |
| 18:49 | Hippogryph |
| 18:50 | Hippogryph |
| 18:50 | Hippogryph |
| 20:04 | Starfall |
| Select | 181 |
| Right click | 165 |
| Build/train/purchase | 73 |
| Chat | 36 |
| Minimap ping | 3 |

| Scroll of Regeneration | 1 | 100 |
| Lesser Clarity Potion | 1 | 70 |
| total: | 2 | 170g |
| Peasant | 15 | 1125 | / | 0 |
| Footman | 18 | 2430 | / | 0 |
| total: | 33 | 3555g | / | 0w |
| Scout Tower | 14 | 420 | / | 280 |
| Arcane Tower | 1 | 70 | / | 50 |
| Guard Tower | 2 | 140 | / | 100 |
| Altar of Kings | 1 | 180 | / | 50 |
| Farm | 8 | 640 | / | 160 |
| Barracks | 5 | 800 | / | 300 |
| Lumber Mill | 1 | 120 | / | 0 |
| Blacksmith | 1 | 140 | / | 60 |
| Arcane Vault | 1 | 130 | / | 30 |
| Town Hall | 1 | 385 | / | 205 |
| Keep | 1 | 320 | / | 210 |
| total: | 32 | 2815g | / | 1085w |
| 0:02 | Peasant |
| 0:02 | Peasant |
| 0:02 | Peasant |
| 0:20 | Altar of Kings |
| 0:23 | Peasant |
| 0:34 | Farm |
| 0:47 | Peasant |
| 0:51 | Barracks |
| 1:00 | Peasant |
| 1:16 | Lumber Mill |
| 1:21 | Farm |
| 1:47 | Peasant |
| 1:47 | Peasant |
| 1:51 | Scout Tower |
| 2:01 | Footman |
| 2:14 | Blacksmith |
| 2:23 | Flame Strike |
| 2:31 | Footman |
| 2:44 | Arcane Tower |
| 2:46 | Arcane Vault |
| 2:55 | Peasant |
| 2:55 | Peasant |
| 2:57 | Farm |
| 3:16 | Peasant |
| 3:16 | Peasant |
| 3:16 | Peasant |
| 3:58 | Footman |
| 4:02 | Siphon Mana |
| 4:14 | Town Hall |
| 4:16 | Scout Tower |
| 4:17 | Scout Tower |
| 4:30 | Peasant |
| 4:30 | Peasant |
| 4:33 | Improved Masonry |
| 4:50 | Defend |
| 5:17 | Flame Strike |
| 5:26 | Guard Tower |
| 5:39 | Scroll of Regeneration |
| 5:41 | Lesser Clarity Potion |
| 5:47 | Keep |
| 5:50 | Farm |
| 5:56 | Scout Tower |
| 6:05 | Barracks |
| 6:42 | Footman |
| 6:47 | Iron Plating |
| 6:47 | Iron Forged Swords |
| 7:03 | Guard Tower |
| 7:07 | Footman |
| 7:07 | Footman |
| 7:33 | Footman |
| 7:36 | Barracks |
| 7:38 | Barracks |
| 7:41 | Barracks |
| 8:09 | Improved Lumber Harvesting |
| 8:19 | Footman |
| 8:20 | Footman |
| 8:23 | Farm |
| 8:42 | Footman |
| 8:46 | Footman |
| 8:48 | Footman |
| 8:56 | Steel Forged Swords |
| 8:58 | Advanced Masonry |
| 9:28 | Footman |
| 10:21 | Farm |
| 10:22 | Farm |
| 10:25 | Farm |
| 12:12 | Scout Tower |
| 12:13 | Scout Tower |
| 12:14 | Scout Tower |
| 12:15 | Scout Tower |
| 12:16 | Scout Tower |
| 12:16 | Scout Tower |
| 12:18 | Scout Tower |
| 12:18 | Scout Tower |
| 12:20 | Scout Tower |
| 12:20 | Scout Tower |
| 14:22 | Footman |
| 14:22 | Footman |
| 14:23 | Footman |
| 14:23 | Footman |
| 14:23 | Footman |
| Chat | 545 |
| Right click | 245 |
| Select | 216 |
| Select group | 174 |
| Build/train/purchase | 67 |
| Assign group | 47 |
| Misc. action | 43 |
| Use ability | 13 |
| Esc | 5 |
| Remove unit | 2 |
| Item give/drop | 1 |
| Minimap ping | 1 |
⇛